 Dungeon Crawl Stone Soup version 0.30-a0-702-gdf48620a09 (webtiles) character file.

Game seed: 6350595995602903931

1427 Dartaoz the Skirmisher (level 8, -6/59 (60) HPs)
             Began as a Minotaur Hunter on Jan 21, 2023.
             Was a Follower of Hepliaklqana.
             Mangled by Maggie
             ... wielding a +1 heavy scimitar
              (14 damage)
             ... on level 6 of the Dungeon.
             The game lasted 00:11:43 (4433 turns).

Dartaoz the Skirmisher (Minotaur Hunter)            Turns: 4433, Time: 00:11:43

HP:   -6/59 (60)    AC:  4    Str: 17    XL:     8   Next: 44%
MP:   6/7           EV: 13    Int:  6    God:    Hepliaklqana [*.....]
Gold: 317           SH:  0    Dex: 15    Spells: 7/7 levels left

rFire   . . .      SeeInvis .    a - +0 shortbow
rCold   . . .      Faith    .    (shield currently unavailable)
rNeg    . . .      Spirit   .    c - +0 leather armour
rPois   .          Reflect  .    (helmet restricted)
rElec   .          Harm     .    g - +0 cloak
rCorr   .          Rampage  .    (no gloves)
Will    .....                    (no boots)
Stlth   +                        (no amulet)
HPRegen 0.29/turn                (no ring)
MPRegen 0.10/turn                (no ring)

@: mesmerised, hasted, lightly drained, very quick
A: reduced essence, horns 2, retaliatory headbutt
a: Renounce Religion, Recall Ancestor, Ancestor Identity


You were on level 6 of the Dungeon.
You worshipped Hepliaklqana.
Hepliaklqana was aware of your devotion.
You visited 1 branch of the dungeon, and saw 6 of its levels.

You collected 317 gold pieces.

Inventory:

Hand Weapons
 a - a +0 shortbow (weapon)
Missiles
 y - a throwing net
Armour
 c - a +0 leather armour (worn)
 g - a +0 cloak (worn)
 s - a +3 scale mail of fire resistance
Jewellery
 h - a ring of poison resistance
Wands
 m - a wand of polymorph (6)
 q - a wand of quicksilver (9)
 v - a wand of flame (22)
Scrolls
 b - 3 scrolls of immolation
 e - a scroll of poison {unknown}
 i - 2 scrolls of enchant armour {unknown}
 j - a scroll of enchant weapon {unknown}
 l - a scroll of torment {unknown}
 p - a scroll of blinking {unknown}
 u - a scroll of fear {unknown}
 w - a scroll of amnesia {unknown}
Potions
 d - 3 potions of curing
 f - 2 potions of attraction
 n - a potion of invisibility {unknown}
 o - 2 potions of brilliance
 r - 2 potions of mutation
 t - 2 potions of haste
 x - a potion of flight {unknown}
 z - a potion of might {unknown}


   Skills:
 + Level 4.5 Fighting
 + Level 10.6 Ranged Weapons
 + Level 3.5 Armour
 + Level 4.1 Dodging
 - Level 0.7 Stealth


You had 7 spell levels left.
You didn't know any spells.
Your spell library contained the following spells:

 Spells                   Type           Power      Damage    Failure   Level
 Foxfire                  Conj/Fire      0%         2x1d4     52%         1
 Kiss of Death            Conj/Necr      0%         2d5       52%         1
 Confusing Touch          Hex            0%         N/A       87%         3
 Inner Flame              Hex/Fire       0%         N/A       87%         3
 Cause Fear               Hex            0%         N/A       99%         4
 Dispel Undead            Necr           0%         3d6       99%         4
 Fireball                 Conj/Fire      0%         3d3       100%        5
 Starburst                Conj/Fire      0%         6d3       100%        6
 Discord                  Hex            0%         N/A       100%        8


Dungeon Overview and Level Annotations

Branches:
Dungeon (6/15)             Temple (0/1) D:6

Altars:
Ashenzari
Hepliaklqana
Trog
Vehumet
Zin

Shops:
D:2 =   D:3 [

Annotations:
D:3 3 runed translucent doors, fly's ghost, weakling DgDe
D:6 Maggie


Innate Abilities, Weirdness & Mutations

Your life essence is reduced to manifest your ancestor. (-10% HP)
You have a pair of horns on your head.
You reflexively headbutt those who attack you in melee.


Message History

Something hits Msizi.
Fire: a) +0 shortbow
Press: ? - help, Q - select action, (/) - cycle Shift-Dir - straight line, f/p - orc wizard
Aim: an orc wizard, wielding a +0 dagger and wearing a +0 robe (severely wounded, 60% to hit)
You shoot an arrow. Msizi avoids your attack.
Reactivating autopickup.
You feel a bit more experienced.
The phantom hits Msizi.
The phantom blinks!
Msizi blinks!
The orc wizard casts a spell.
The orc wizard flickers and vanishes!
Deactivating autopickup; reactivate with Ctrl-A.
You cannot move away from Maggie!
Fire: a) +0 shortbow
Press: ? - help, Q - select action, (/) - cycle Shift-Dir - straight line, f - Maggie
Aim: Maggie, wielding a +1 heavy scimitar and wearing +0 steam dragon scales (translocational energy, mesmerising, 66% to hit)
You shoot an arrow. The arrow hits Maggie.
Maggie is lightly wounded.
You feel yourself speed up.
Maggie hits you with a +1 heavy scimitar!!
* * * LOW HITPOINT WARNING * * *
You shoot an arrow. The arrow hits Maggie.
Maggie is lightly wounded.
You shoot an arrow.
The arrow hits Maggie but does no damage.
Maggie is lightly wounded.
Maggie closely misses you.
You shoot an arrow. The arrow hits Maggie.
Maggie is moderately wounded.
You shoot an arrow. The arrow barely misses Maggie.
The arrow hits the white imp.
The white imp is lightly wounded.
Maggie closely misses you.
You shoot an arrow. The arrow barely misses Maggie.
The arrow closely misses the white imp.
You shoot an arrow.
The arrow hits Maggie but does no damage.
Maggie is moderately wounded.
Maggie hits you with a +1 heavy scimitar!
You die...

#.#.. #.# #.....# #.
.#.#..####.###..)..# .##
#.#......##.#....$# .. #.#
#..#.#........#
###.###.###.......#.#..##
......#......#.W5......#
..............##{##....#
#.#.#.#...###†##@##.#..#
#.#........##)##@#....(#
....#.#..#.##)##.........
#.#.#.#..#.##.####.....#...
#.....#.......# #.....#...#
...†###>......# #.....# ###
###.# #..#.##.####....##
..#.# #..#.#..........#
#.#.# #..#............#
+.'.###..###.........


You could see Maggie (mesmerising), a phantom and a white imp.

Vanquished Creatures
  A water moccasin (D:5)
  2 black bears
  An orc warrior (D:6)
  An ice beast (D:5)
  An ogre (D:4)
  A scorpion (D:5)
  A howler monkey (D:5)
  2 hounds (D:5)
  A jelly (D:5)
  2 orc priests
  2 iguanas
  Ijyb (D:5)
  Terence (D:2)
  3 orc wizards
  Robin (D:2)
  8 adders
  2 shadow imps
  A white imp (D:5)
  2 ufetubi
  3 worms (D:2)
  2 dart slugs (D:1)
  17 orcs
  6 ball pythons
  8 bats
  4 endoplasms (D:1)
  2 giant cockroaches
  16 goblins
  3 hobgoblins
  3 jackals (D:3)
  4 quokkas
  2 frilled lizards
  6 kobolds
  3 rats
113 creatures vanquished.

Vanquished Creatures (collateral kills)
  An ogre (D:5)
  A scorpion (D:5)
  2 hounds (D:6)
  An adder (D:5)
  An ufetubus (D:5)
6 creatures vanquished.

Vanquished Creatures (others)
  An ancestor (D:6)
1 creature vanquished.

Grand Total: 120 creatures vanquished

Notes
Turn   | Place    | Note
-------+----------+-------------------------------------------
     0 | D:1      | Dartaoz the Minotaur Hunter began the quest for the Orb.
     0 | D:1      | Reached XP level 1. HP: 18/18 MP: 0/0
   164 | D:1      | Reached XP level 2. HP: 25/25 MP: 1/1
   183 | D:1      | Reached skill level 5 in Ranged Weapons
   799 | D:2      | Reached XP level 3. HP: 30/30 MP: 2/2
  1134 | D:2      | Noticed Terence
  1192 | D:2      | Killed Terence
  1193 | D:2      | Reached skill level 6 in Ranged Weapons
  1193 | D:2      | Reached XP level 4. HP: 28/37 MP: 3/3
  1293 | D:2      | Found Lileam's Jewellery Shoppe.
  1311 | D:2      | Noticed Robin
  1320 | D:2      | Killed Robin
  1810 | D:3      | Found a runed translucent gate.
  1811 | D:3      | Found a runed translucent gate.
  1815 | D:3      | Noticed fly's ghost (weakling DgDe)
  1827 | D:3      | Found a runed translucent gate.
  1920 | D:3      | Reached skill level 7 in Ranged Weapons
  1943 | D:3      | Reached XP level 5. HP: 42/42 MP: 4/4
  2289 | D:3      | Identified the +1 quarterstaff of Ahukua {freeze, SInv}
  2435 | D:3      | Noticed a black bear
  2445 | D:3      | Killed a black bear
  2446 | D:3      | Reached skill level 8 in Ranged Weapons
  2446 | D:3      | Reached XP level 6. HP: 30/50 MP: 5/5
  2564 | D:3      | Found Huemit's Antique Armour Emporium.
  2678 | D:3      | Found a hazy altar of Hepliaklqana.
  2679 | D:3      | Found a bloodstained altar of Trog.
  2679 | D:3      | Found a broken altar of Ashenzari.
  2680 | D:3      | Found a glowing silver altar of Zin.
  2767 | D:4      | Found a radiant altar of Vehumet.
  2909 | D:3      | Became a worshipper of Hepliaklqana the Forgotten
  3395 | D:4      | Reached skill level 9 in Ranged Weapons
  3544 | D:5      | Entered Level 5 of the Dungeon
  3567 | D:5      | Noticed Ijyb
  3580 | D:5      | Killed Ijyb
  3592 | D:5      | Reached XP level 7. HP: 49/56 MP: 6/6
  3759 | D:5      | Reached skill level 10 in Ranged Weapons
  3830 | D:5      | Reached skill level 1 in Armour
  3877 | D:5      | Identified the +12 falchion of Oghehum {venom, rC+}
  3914 | D:5      | Reached * piety under Hepliaklqana
  3950 | D:5      | Reached XP level 8. HP: 56/56 MP: 7/7
  4283 | D:6      | Found a staircase to the Ecumenical Temple.
  4404 | D:6      | Noticed Maggie
  4433 | D:6      | Mangled by Maggie

Illustrated notes

Levels and vault maps discovered:
D:1:      amcnicky_arrival_blooded_trapdoor, layout_basic, st_stairs_6
D:2:      layout_loops_cross, serial_shops, shop,
          hangedman_abyss_or_decor_lesser_grid, grunt_ministairs_5, uniq_robin,
          uniq_terence
D:3:      layout_basic, chequers_temple_overflow_statue_of_worship,
          gammafunk_ghost_split, serial_shops, shop,
          nicolae_kite_square_tiling_tiny, grunt_decor_fettered, minivault_23
D:4:      layout_loops_ring, vehumet_altar_wand_db, dk_rats_in_the_wall
D:5:      layout_basic, kennysheep_small_square, uniq_ijyb
D:6:      minmay_flawed_box, layout_loops_cross,
          minmay_temple_entry_glassed_door, gup_sewer_entry_glass, uniq_maggie,
          uniq_sigmund

Skill      XL: |  1  2  3  4  5  6  7  8 |
---------------+-------------------------+-----
Ranged Weapons | 5 6 7 8 9 10 | 10.6
Armour         | 2 3 |  3.5
Fighting       | 3 4 |  4.5
Dodging        | 3 4 |  4.1
Stealth        | |  0.7

Action                   |  1- 3 |  4- 6 |  7- 9 || total
-------------------------+-------+-------+-------++-------
 Fire: Shortbow          |   106 |   229 |   138 ||   473
Invok: Recall Ancestor   |       |       |     1 ||     1
  Use: Scroll            |       |       |     5 ||     5
       Potion            |       |       |     2 ||     2
Armor: Leather armour    |     9 |    10 |     4 ||    23
       Scale mail        |       |   101 |       ||   101
Dodge: Dodged            |    26 |    82 |    24 ||   132

Table legend: (Time is in decaauts)
 A = Elapsed time spent in this place.
 B = Non-inter-level travel time spent in this place.
 C = Inter-level travel time spent in this place.
 D = Time resting spent in this place.
 E = Time spent auto-exploring this place.
 F = Levels seen in this place.
 G = Mean time per level.
                   A        B        C        D        E       F      G
               +--------+--------+--------+--------+--------+-----+--------+
         Total |   4520 |   4280 |    240 |     73 |   3345 |   6 |  753.3 |
       Dungeon |   4520 |   4280 |    240 |     73 |   3345 |   6 |  753.3 |
               +--------+--------+--------+--------+--------+-----+--------+

Top non-repeatable levels by time:
     D:2: 1096 daAuts
     D:3: 1068 daAuts
     D:4: 738 daAuts
     D:1: 725 daAuts
     D:5: 699 daAuts
     D:6: 192 daAuts
